 Dungeon Crawl Stone Soup version 0.27.1-34-g3ba077fa99 (webtiles) character file.

Game seed: 10104214669285153183

86 Akaron the Skirmisher (level 4, -1/49 HPs)
             Began as an Ogre Berserker on Jan 22, 2022.
             Was a Follower of Trog.
             Slain by Grinder (6 damage)
             ... on level 3 of the Dungeon.
             The game lasted 00:05:12 (2642 turns).

Akaron the Skirmisher (Ogre Berserker)              Turns: 2642, Time: 00:05:12

Health: -1/49      AC:  5    Str: 22    XL:     4   Next: 49%
Magic:  4/4        EV: 10    Int:  8    God:    Trog [*.....]
Gold:   73         SH:  0    Dex:  8    Spells: 3/3 levels left

rFire    . . .     SeeInvis .   a - +0 hand axe
rCold    + . .     Faith    .   (no shield)
rNeg     . . .     Spirit   .   n - +2 robe {rC+}
rPois    .         Reflect  .   (helmet restricted)
rElec    .         Harm     .   (no cloak)
rCorr    .         Rampage  .   (gloves unavailable)
Will     .....                  (boots unavailable)
Stlth    +.........             f - amulet of the acrobat
HPRegen  0.16/turn              (no ring)
MPRegen  0.09/turn              (no ring)

@: no status effects
A: large, unfitting armour, tough skin 1
a: Renounce Religion, Berserk


You were on level 3 of the Dungeon.
You worshipped Trog.
Trog was aware of your devotion.
You visited 1 branch of the dungeon, and saw 3 of its levels.

You collected 73 gold pieces.

Inventory:

Hand Weapons
 a - a +0 hand axe (weapon)
 k - a +0 dagger of electrocution
Missiles
 b - a throwing net (quivered)
Armour
 n - a +2 robe of cold resistance (worn)
Jewellery
 f - an amulet of the acrobat (around neck)
Scrolls
 c - a scroll of magic mapping {unknown}
 e - a scroll of teleportation {unknown}
 g - a scroll of noise {unknown}
 i - a scroll of fear {unknown}
 j - 3 scrolls of identify {unknown}
 l - 2 scrolls of enchant weapon {unknown}
Potions
 d - 2 potions of might {unknown}
 h - 2 potions of brilliance {unknown}
 m - 2 potions of haste {unknown}


   Skills:
 + Level 4.9 Fighting
 + Level 4.0 Axes
 + Level 3.3 Dodging
 + Level 0.2 Stealth


You had 3 spell levels left.
You didn't know any spells.
Your spell library was empty.

Dungeon Overview and Level Annotations

Branches:
Dungeon (3/15)

Altars:

Annotations:
D:3 2 transporters, Grinder; HangedMan's ghost, weakling OpWz


Innate Abilities, Weirdness & Mutations

You are too large for most types of armour.
You have tough skin. (AC +1)


Message History

You barely miss Grinder.
Grinder says, "Tell me all your secrets, or I'll kill you."
Grinder completely misses you.
You slash Grinder!
Grinder is moderately wounded.
Grinder hits you.
You writhe in agony.
You closely miss Grinder.
Grinder is moderately wounded.
Grinder barely misses you.
You barely miss Grinder.
Grinder is moderately wounded.
Grinder hits you but does no damage.
You barely miss Grinder.
Grinder is lightly wounded.
Grinder drinks a potion.
Grinder flickers and vanishes!
Deactivating autopickup; reactivate with Ctrl-A.
You hit something. Something hits you.
You writhe in agony.
You barely miss something. Something hits you!
You closely miss something. Something hits you.
You miss something.
Something tries to affect you, but you resist.
You see here a giant cockroach corpse.
You closely miss something.
You suddenly lose the ability to move!
Something tries to affect you, but you resist.
Something hits you but does no damage.
You can move again.
You suddenly lose the ability to move!
Something hits you!
* * * LOW HITPOINT WARNING * * *
You can move again.
Something tries to affect you, but you resist.
Something tries to affect you, but you resist.
You see here a giant cockroach corpse.
You barely miss something. Something hits you.
* * * LOW HITPOINT WARNING * * *
You writhe in agony.
* * * LOW HITPOINT WARNING * * *
You completely miss something. Something hits you but does no damage.
You miss something. Something hits you.
You die...

#.≈ #. ## #.≈
#.. .# #.≈ #.#
P.# #.≈ #.# ..
#.≈ #.# #.# #.≈
#.# ..# #.≈
#.######.#####.
#.≈
#....†@{....>..
#.≈
#.############.
#.≈ #.....# #..
#####.# #.. #.#
#). #.# #.≈ #.#
#.≈ ######.#
#.≈ #......#
#.≈


There were no monsters in sight!

Vanquished Creatures
  Jessica (D:3)
  An adder (D:2)
  A worm (D:2)
  A dart slug (D:3)
  3 bats (D:1)
  3 endoplasms
  2 giant cockroaches
  9 goblins
  6 hobgoblins
  A quokka (D:2)
  4 ball pythons
  2 frilled lizards
  7 kobolds
  3 rats
44 creatures vanquished.

Vanquished Creatures (others)
  6 plants (D:3)
6 creatures vanquished.

Grand Total: 50 creatures vanquished

Notes
Turn   | Place    | Note
-------+----------+-------------------------------------------
     0 | D:1      | Akaron the Ogre Berserker began the quest for the Orb.
     0 | D:1      | Reached XP level 1. HP: 24/24 MP: 1/1
   387 | D:1      | Reached XP level 2. HP: 32/32 MP: 2/2
  1289 | D:2      | Reached XP level 3. HP: 40/40 MP: 3/3
  1860 | D:2      | Found a faded altar of an unknown god.
  2213 | D:3      | Reached ** piety under Trog
  2248 | D:3      | Found a transporter.
  2278 | D:3      | Identified the +6 spear of Greed {pain, rF+ Str+2 Int+4
                  | Dex-4}
  2278 | D:3      | Identified the +0 kite shield "Cuafyvad" {rN+}
  2278 | D:3      | Noticed a gnoll sergeant
  2380 | D:3      | Noticed Jessica
  2387 | D:3      | Killed Jessica
  2388 | D:3      | Reached XP level 4. HP: 49/49 MP: 4/4
  2457 | D:3      | Noticed HangedMan's ghost (weakling OpWz)
  2494 | D:3      | Found a transporter.
  2603 | D:3      | Noticed Grinder
  2621 | D:3      | Paralysed by something for 6 turns
  2630 | D:3      | Paralysed by something for 6 turns
  2642 | D:3      | Slain by Grinder

Illustrated notes

Levels and vault maps discovered:
D:1:      eino_arrival_tree_alley, layout_basic
D:2:      minmay_wonky_spiral, layout_rooms,
          hellmonk_ecumenical_altar_leap_of_faith, minmay_misc_feat_room,
          chequers_garden
D:3:      layout_loops_ring, elyvilon_altar_1, gammafunk_ghost_gnarly_gnolls,
          minmay_misc_feat_alley, uniq_jessica, uniq_grinder

Skill      XL: |  1  2  3  4 |
---------------+-------------+-----
Dodging        | 3 |  3.3
Axes           | 4 |  4.0
Fighting       | |  4.9
Stealth        | |  0.2

Action                   |  1- 3 |  4- 6 || total
-------------------------+-------+-------++-------
Melee: Hand axe          |   137 |    26 ||   163
Invok: Berserk           |     1 |       ||     1
Armor: Animal skin       |    45 |       ||    45
       Robe              |       |    10 ||    10
Dodge: Dodged            |    74 |     6 ||    80
